 Dungeon Crawl Stone Soup version 0.23.2-40-g277498a (webtiles) character file.

Game seed: 17786542168227412866

126 Fang the Skirmisher (level 5, 0/49 HPs)
             Began as a Gargoyle Berserker on Oct 18, 2019.
             Was a Believer of Trog.
             Slain by Sigmund
             ... wielding a +1 scythe of protection
              (1 damage)
             ... on level 2 of the Dungeon.
             The game lasted 00:02:27 (1673 turns).

Fang the Skirmisher (Gargoyle Berserker)            Turns: 1673, Time: 00:02:28

Health: 0/49       AC:  9    Str: 26    XL:     5   Next: 10%
Magic:  5/5        EV: 12    Int:  8    God:    Trog [**....]
Gold:   71         SH:  0    Dex:  9    Spells: 4/4 levels left

rFire    . . .     SeeInvis .   a - +0 hand axe
rCold    . . .     Gourm    .   (no shield)
rNeg     + . .     Faith    .   b - +0 animal skin
rPois    ∞         Spirit   .   (no helmet)
rElec    +         Reflect  .   t - +2 cloak {rPois}
rCorr    .         Harm     .   (no gloves)
MR       .....                  (no boots)
Stlth    ..........             (no amulet)
HPRegen  0.16/turn              (no ring)
MPRegen  0.09/turn              (no ring)

@: berserking (expiring), very quick
A: negative energy resistance 1, electricity resistance, unbreathing,
petrification resistance, rot immunity, AC +4
a: Berserk, Trog's Hand, Renounce Religion


You were on level 2 of the Dungeon.
You worshipped Trog.
Trog was pleased with you.
You were near starving.

You visited 1 branch of the dungeon, and saw 3 of its levels.

You collected 71 gold pieces.

Inventory:

Hand Weapons
 a - a +0 hand axe (weapon)
Armour
 b - a +0 animal skin (worn)
 t - a +2 cloak of poison resistance (worn)
Jewellery
 p - an uncursed ring of poison resistance {unknown}
 s - a +4 ring of protection {unknown}
Scrolls
 f - a scroll of enchant weapon {unknown}
 g - 2 scrolls of remove curse {unknown}
 h - 3 scrolls of enchant armour {unknown}
 i - 2 scrolls of immolation {unknown}
 k - 2 scrolls of teleportation {unknown}
 l - 4 scrolls of identify {unknown}
 n - a scroll of fear {unknown}
 q - a scroll of fog {unknown}
Potions
 e - 3 potions of brilliance {unknown}
 j - 2 potions of flight {unknown}
 m - a potion of curing {unknown}
 o - a potion of heal wounds {unknown}
 r - a potion of lignification {unknown}
Comestibles
 c - 3 rations
 d - 2 chunks of flesh


   Skills:
 + Level 4.1 Fighting
 + Level 3.4 Axes
 + Level 3.3 Armour
 + Level 2.5 Dodging


You had 4 spell levels left.
You didn't know any spells.
Your spell library was empty.

Dungeon Overview and Level Annotations

Branches:
Dungeon (3/15)

Altars:
Ru

Annotations:
D:2 Sigmund


Innate Abilities, Weirdness & Mutations

You are resistant to torment.
Your stone body is resilient. (AC +4)
You are immune to poison.
You resist negative energy. (rN+)
You are resistant to electric shocks. (rElec)
You can survive without breathing.
You are immune to petrification.
You are immune to rotting.


Message History

Your skin stops crawling.
You feel less resistant to hostile enchantments.
A red film seems to cover your vision as you go berserk!
You feel yourself moving faster!
You feel mighty!
You are near starving!
Something hits you.
* * * LOW HITPOINT WARNING * * *
You closely miss something. Something hits you but does no damage.
You barely miss something. You miss something. You hit something.
Something hits you.
* * * LOW HITPOINT WARNING * * *
You barely miss something. You barely miss something. Something hits you!
* * * LOW HITPOINT WARNING * * *
You miss something. You slash something! Something hits you but does no damage.
You hit something. You closely miss something. Something hits you.
You die...

#.#>##.#### #.#.##.#
#.#.##.# #.#.##.#
#.#.##.# #.#.##.#
#.#.##.#
###########.#.##.#
#...@{........##.####
#.#########.####.....
#.# #.# #.#### #.#
#####.####.#### #.#
#.............. #.#
#.###.#####.### #.#
#.# #.#####.###
#.#####.###.......)..
#..(..(.(###.........


There were no monsters in sight!

Vanquished Creatures
  Crazy Yiuf (D:2)
  4 gnolls (D:2)
  An adder (D:2)
  A worm (D:2)
  A leopard gecko (D:2)
  2 giant cockroaches (D:1)
  5 goblins
  9 hobgoblins
  A ball python (D:2)
  10 bats
  2 frilled lizards
  5 kobolds
  3 rats
45 creatures vanquished.

Notes
Turn   | Place    | Note
-------+----------+-------------------------------------------
     0 | D:1      | Fang the Gargoyle Berserker began the quest for the Orb.
     0 | D:1      | Reached XP level 1. HP: 14/14 MP: 1/1
   137 | D:1      | Reached XP level 2. HP: 17/19 MP: 2/2
   585 | D:2      | Reached XP level 3. HP: 21/24 MP: 3/3
   864 | D:2      | Reached XP level 4. HP: 24/29 MP: 4/4
   890 | D:2      | Reached ** piety under Trog
  1115 | D:2      | Found a sacrificial altar of Ru.
  1183 | D:2      | Noticed Jessica
  1290 | D:2      | Found a runed translucent door.
  1291 | D:2      | Noticed Crazy Yiuf
  1447 | D:2      | Reached skill level 4 in Fighting
  1556 | D:2      | Killed Crazy Yiuf
  1556 | D:2      | Reached XP level 5. HP: 33/33 MP: 5/5
  1613 | D:3      | Noticed Sigmund
  1639 | D:2      | HP: 1/33 [something (8)]
  1669 | D:2      | HP: 1/49 [something (8)]
  1673 | D:2      | Slain by Sigmund

Skill      XL: |  1  2  3  4 |
---------------+-------------+-----
Axes           | 3 |  3.4
Dodging        | 2 |  2.5
Armour         | 3 |  3.3
Fighting       | 4 |  4.1

Action                   |  1- 3 |  4- 6 || total
-------------------------+-------+-------++-------
Melee: Hand axe          |    65 |    90 ||   155
Invok: Berserk           |     2 |     3 ||     5
       Trog's Hand       |       |     2 ||     2
  Eat: Chunk             |     2 |     4 ||     6
Armor: Animal skin       |    28 |    34 ||    62
Dodge: Dodged            |    53 |    76 ||   129
